Map: Romanticide LE

Players

Trap - Winner!

  • Race: Protoss Protoss
  • League: Master
  • Spawn Location: 11:00

Solar

  • Race: Zerg Zerg
  • League: Master
  • Spawn Location: 5:00

VOD

Have the link to the VOD?

Description

Time

  • Played on: Jan. 16, 2021, 12:39 p.m.
  • Length: 11:13
Show
View Real Time Build Order
Export as new Build Order

Trap Protoss - Winner!

Build Orders: 1 Gate Expand, Oracle Opening, Zealot Archon 

Get SALT Encoding   

  12  0:00  Probe  
  13  0:12  Probe  
  14  0:17  Pylon  
  14  0:24  Probe  
  15  0:29  Assimilator  
  15  0:36  Probe (Chrono Boost)  
  16  0:45  Gateway  
  16  0:48  Probe (Chrono Boost)  
  17  0:54  Probe (Chrono Boost)  
  18  1:04  Probe  
  19  1:16  Probe  
  20  1:22  Nexus  
  20  1:32  Cybernetics Core  
  20  1:35  Probe  
  21  1:40  Assimilator  
  21  1:47  Probe  
  21  1:50  Pylon  
  22  2:00  Probe (Chrono Boost)  
  23  2:06  Adept (Chrono Boost)  
  23  2:12  Probe (Chrono Boost)  
  23  2:15  Stargate  
  26  2:19  Warp Gate, Probe (Chrono Boost)  
  27  2:28  Probe (Chrono Boost)  
  28  2:30  Adept  
  28  2:34  Probe (Chrono Boost)  
  31  2:43  Probe x2 (Chrono Boost)  
  33  2:48  Probe (Chrono Boost)  
  33  2:50  Probe  
  35  2:53  Void Ray (Chrono Boost)  
  35  3:01  Probe  
  35  3:02  Probe  
  41  3:07  Adept  
  43  3:13  Pylon, Probe  
  43  3:15  Probe  
  43  3:19  Gateway  
  45  3:25  Probe  
  46  3:28  Oracle (Chrono Boost)  
  46  3:31  Probe  
  50  3:40  Probe  
  51  3:43  Probe  
  52  3:52  Probe  
  52  3:54  Nexus  
  49  3:56  Probe  
  49  4:01  Pylon  
  49  4:02  Assimilator  
  50  4:04  Assimilator  
  50  4:05  Probe  
  50  4:08  Probe  
  52  4:10  Stargate  
  52  4:14  Void Ray  
  52  4:17  Probe  
  53  4:20  Probe  
  58  4:27  Adept x2  
  62  4:35  Pylon  
  62  4:39  Shield Battery  
  62  4:51  Pylon, Forge  
  62  4:53  Twilight Council, Probe x2  
  62  4:55  Void Ray (Chrono Boost)  
  64  5:05  Probe x2 (Chrono Boost), Void Ray (Chrono Boost)  
  64  5:07  Probe (Chrono Boost)  
  71  5:20  Protoss Ground Weapons Level 1 (Chrono Boost)  
  71  5:21  Probe (Chrono Boost)  
  74  5:23  Probe x2 (Chrono Boost)  
  74  5:27  Probe (Chrono Boost)  
  75  5:30  Probe x2 (Chrono Boost)  
  75  5:31  Charge (Chrono Boost)  
  75  5:33  Zealot  
  75  5:35  Probe  
  79  5:41  Probe x2  
  82  5:43  Assimilator  
  82  5:45  Assimilator  
  82  5:47  Probe  
  83  5:50  Templar Archives  
  83  5:53  Probe x2  
  83  5:56  Gateway  
  85  5:57  Gateway  
  85  5:59  Probe  
  85  6:04  Gateway  
  86  6:05  Probe x2  
  86  6:06  Zealot x2  
  92  6:14  Pylon  
  92  6:17  Psionic Storm  
  92  6:20  Gateway, Pylon  
  92  6:23  Gateway  
  92  6:26  Void Ray x2  
  100  6:48  Pylon  
  100  6:49  Robotics Facility  
  100  6:52  Pylon  
  100  6:58  High Templar  
  100  6:59  Zealot x2, High Templar, Protoss Air Weapons Level 1 (Chrono Boost)  
  108  7:06  High Templar  
  110  7:11  Nexus  
  110  7:13  Photon Cannon  
  110  7:14  Photon Cannon  
  110  7:15  Pylon  
  110  7:17  Pylon, Photon Cannon  
  110  7:20  Photon Cannon  
  110  7:22  Stargate  
  110  7:27  Probe x3  
  113  7:33  High Templar  
  113  7:34  Zealot x2, High Templar  
  118  7:40  Archon  
  118  7:43  Void Ray (Chrono Boost)  
  118  7:44  Zealot x3  
  122  7:45  Void Ray (Chrono Boost)  
  122  7:46  Shield Battery  
  122  7:48  Shield Battery  
  132  8:03  Fleet Beacon, Probe x2  
  132  8:04  Probe  
  135  8:06  Photon Cannon  
  135  8:12  Void Ray (Chrono Boost)  
  135  8:15  Observer (Chrono Boost)  
  140  8:21  Shield Battery  
  140  8:22  Photon Cannon  
  140  8:23  Void Ray (Chrono Boost)  
  140  8:24  Probe x4  
  148  8:35  Photon Cannon  
  148  8:36  Protoss Ground Weapons Level 2  
  148  8:40  Void Ray (Chrono Boost)  
  146  8:44  Photon Cannon  
  146  8:45  Void Ray (Chrono Boost)  
  146  8:49  Pylon  
  154  8:58  Void Ray (Chrono Boost)  
  154  9:10  Assimilator x2, Photon Cannon, Void Ray  
  154  9:11  Pylon  
  158  9:19  Zealot  
  158  9:20  Zealot x2  
  158  9:22  Flux Vanes  
  164  9:25  Void Ray  
  152  9:35  Void Ray  
  152  9:37  Immortal (Chrono Boost)  
  152  9:38  Zealot x2  
  150  9:43  Zealot x3, Shield Battery x2  
  150  9:44  Zealot  
  166  9:47  Archon  
  166  9:52  Void Ray  
  166  9:53  Zealot  
  170  10:01  Pylon  
  170  10:02  Pylon, Void Ray  
  152  10:13  Void Ray  
  150  10:17  Zealot x5, High Templar x2  
  150  10:19  Immortal (Chrono Boost)  
  156  10:21  Archon  
  152  10:39  Probe x4  
  160  10:48  High Templar x2  
  168  10:56  Zealot x5  
  178  11:01  Archon  
  172  11:05  Gateway  
  172  11:08  Gateway  
Show
View Real Time Build Order
Export as new Build Order

Solar Zerg 

Build Orders: Hatch First 

Get SALT Encoding   

  12  0:00  Drone  
  13  0:11  Overlord  
  13  0:16  Drone  
  14  0:31  Drone  
  15  0:44  Drone  
  15  0:47  Hatchery  
  15  0:51  Drone  
  15  0:56  Drone  
  17  0:59  Drone  
  18  1:10  Extractor  
  17  1:15  Spawning Pool  
  17  1:17  Drone  
  17  1:20  Drone  
  18  1:28  Drone  
  19  1:38  Drone  
  20  1:46  Hatchery  
  19  1:48  Drone  
  20  2:02  Zergling x2, Queen  
  20  2:05  Drone  
  24  2:14  Queen  
  26  2:22  Overlord  
  26  2:25  Drone  
  26  2:26  Drone  
  28  2:31  Metabolic Boost  
  28  2:41  Drone x2  
  30  2:45  Queen  
  30  2:47  Drone  
  30  2:49  Drone  
  34  2:53  Drone  
  34  2:54  Drone  
  36  3:01  Queen  
  36  3:05  Overlord  
  38  3:07  Drone  
  38  3:11  Drone  
  40  3:13  Drone  
  40  3:14  Drone  
  42  3:20  Overlord  
  42  3:24  Zergling x6  
  42  3:26  Drone  
  46  3:30  Spore Crawler  
  46  3:32  Extractor  
  44  3:37  Queen  
  45  3:43  Drone x2  
  45  3:47  Drone x3  
  45  3:48  Drone  
  49  3:52  Drone  
  49  3:58  Drone  
  49  3:59  Overlord  
  50  4:03  Overlord  
  50  4:08  Overlord  
  50  4:12  Spore Crawler  
  50  4:13  Drone  
  50  4:19  Drone x2  
  50  4:20  Drone x2  
  50  4:22  Drone x2  
  50  4:23  Drone  
  56  4:25  Drone x2  
  56  4:28  Drone  
  59  4:31  Drone x3  
  59  4:37  Lair  
  62  4:42  Roach Warren, Drone  
  62  4:47  Extractor x2  
  62  4:48  Drone x4  
  62  4:50  Zergling x2  
  62  4:51  Zergling x2  
  66  4:53  Overlord  
  66  4:56  Zergling x4  
  66  4:59  Zergling x2  
  67  5:00  Drone x2  
  67  5:01  Drone  
  67  5:03  Drone  
  67  5:04  Drone  
  70  5:07  Drone  
  70  5:10  Drone x2  
  70  5:12  Drone  
  72  5:15  Overlord  
  72  5:19  Evolution Chamber  
  71  5:22  Extractor x2, Drone x4  
  71  5:24  Extractor  
  71  5:26  Drone  
  73  5:34  Drone x3  
  74  5:37  Overlord  
  74  5:38  Drone x2  
  76  5:47  Drone  
  77  5:50  Spire  
  77  5:51  Drone x2  
  77  5:52  Drone  
  77  5:53  Glial Reconstitution  
  77  5:54  Overseer  
  77  5:55  Drone x2  
  81  5:57  Drone  
  81  5:58  Overlord  
  81  6:01  Zergling x8  
  86  6:04  Queen  
  86  6:08  Spore Crawler, Drone  
  86  6:09  Overlord  
  89  6:11  Drone  
  89  6:14  Overlord  
  89  6:20  Overlord  
  89  6:25  Drone x2  
  91  6:26  Drone  
  91  6:32  Overlord  
  92  6:34  Drone  
  92  6:35  Hatchery  
  91  6:50  Drone  
  91  6:51  Drone  
  93  6:54  Overlord  
  93  6:58  Drone  
  93  6:59  Zerg Missile Weapons Level 1  
  94  7:02  Corruptor x7  
  94  7:05  Zerg Flyer Weapons Level 1  
  94  7:08  Corruptor  
  108  7:14  Roach x3  
  115  7:16  Corruptor  
  115  7:18  Corruptor  
  115  7:22  Corruptor  
  119  7:24  Drone  
  119  7:25  Drone  
  119  7:27  Roach  
  119  7:29  Roach  
  127  7:30  Overlord  
  127  7:34  Drone x2  
  127  7:35  Drone x2  
  128  7:37  Extractor, Drone  
  128  7:39  Corruptor  
  128  7:41  Drone  
  128  7:43  Drone  
  133  7:44  Drone  
  133  7:45  Overlord  
  133  7:49  Extractor, Roach x3  
  138  7:53  Roach  
  138  7:55  Roach x2  
  138  7:57  Roach  
  138  7:58  Roach  
  146  8:02  Corruptor  
  146  8:04  Corruptor  
  150  8:08  Corruptor x2  
  150  8:12  Corruptor  
  156  8:15  Overlord  
  156  8:16  Overlord  
  156  8:21  Roach x3  
  156  8:23  Overlord  
  156  8:25  Ravager x4  
  166  8:29  Roach  
  166  8:30  Overlord  
  166  8:31  Overlord  
  166  8:33  Overlord  
  168  8:35  Roach x2  
  168  8:36  Roach  
  168  8:39  Roach  
  168  8:40  Roach  
  177  8:45  Roach x4  
  184  8:49  Ravager x3  
  184  8:52  Roach x3  
  184  8:55  Zergling x8  
  196  8:58  Roach  
  195  9:03  Roach x2  
  195  9:06  Roach  
  199  9:18  Corruptor  
  199  9:19  Corruptor  
  195  9:28  Roach x4  
  195  9:29  Corruptor x2  
  192  9:32  Roach  
  192  9:33  Roach x2  
  192  9:34  Roach x2  
  192  9:36  Roach  
  192  9:37  Corruptor x2  
  192  9:42  Zergling x2, Ravager  
  192  9:43  Zergling x8  
  198  9:46  Ravager  
  198  9:49  Roach  
  198  9:52  Roach x2  
  197  9:53  Queen  
  197  9:56  Corruptor  
  197  9:58  Zergling x10  
  194  10:00  Roach  
  194  10:07  Corruptor x2  
  177  10:12  Corruptor x2  
  177  10:13  Zergling x4  
  175  10:15  Roach  
  175  10:16  Roach  
  175  10:17  Roach  
  175  10:19  Roach  
  167  10:22  Roach  
  167  10:23  Roach  
  167  10:24  Roach  
  167  10:27  Roach x2  
  160  10:28  Zergling x4  
  160  10:30  Corruptor  
  160  10:34  Corruptor  
  150  10:36  Zergling x4  
  143  10:44  Ravager  
  143  10:45  Zergling x6, Ravager  
  143  10:47  Roach x2  
  143  10:49  Roach  
  152  10:51  Roach x2  
  152  10:53  Roach  
Tags
 
Add a new tag
Caveats
  • Supply blocks, unpowered buildings, or Contaminate may cause inaccurate times.
  • Supply counts are checked every 10 seconds.